 Dungeon Crawl Stone Soup version 0.25-a0-578-gc91f01c39c (webtiles) character file.

Game seed: 8328592080756298633, levelgen mode: deterministic

133 wullow the Shield-Bearer (level 4, -4/54 HPs)
             Began as a Demonspawn Fighter on Mar 6, 2020.
             Was an Initiate of Okawaru.
             Killed from afar by Natasha (5 damage)
             ... with a magic dart
             ... on level 2 of the Dungeon.
             The game lasted 00:02:57 (1677 turns).

wullow the Shield-Bearer (Demonspawn Fighter)       Turns: 1677, Time: 00:02:58

Health: -4/54      AC: 22    Str: 18    XL:     4   Next: 93%
Magic:  4/4        EV:  2    Int:  9    God:    Okawaru [......]
Gold:   52         SH:  9    Dex: 12    Spells: 3/3 levels left

rFire    . . .     SeeInvis .   a - +0 trident
rCold    . . .     Gourm    .   c - +0 kite shield
rNeg     + + +     Faith    .   (armour currently unavailable)
rPois    +         Spirit   .   (helmet currently unavailable)
rElec    .         Reflect  .   (cloak currently unavailable)
rCorr    .         Harm     .   (gloves currently unavailable)
MR       .....     NoTele   +   (boots currently unavailable)
Stlth    +.........             (no amulet)
HPRegen  0.18/turn              (no ring)
MPRegen  0.09/turn              (no ring)

@: mighty, brilliant, lethally poisoned (-4 -> -8), tree-form
A: rugged brown scales 1
a: Renounce Religion


You were on level 2 of the Dungeon.
You worshipped Okawaru.
Okawaru was noncommittal.
You were hungry.
You were a tree.
You visited 1 branch of the dungeon, and saw 2 of its levels.

You collected 52 gold pieces.

Inventory:

Hand Weapons
 a - a +0 trident (weapon)
 n - a +2 dagger of venom
Missiles
 e - 98 stones (quivered)
 m - 16 sling bullets
Armour
 b - a +0 scale mail (melded)
 c - a +0 kite shield (worn)
Scrolls
 g - a scroll of magic mapping {unknown}
 h - 3 scrolls of identify {unknown}
 j - a scroll of blinking {unknown}
 l - a scroll of fog {unknown}
Potions
 k - a potion of resistance
Comestibles
 f - 2 rations
 p - a chunk of flesh


   Skills:
 + Level 3.5 Fighting
 - Level 1.0 Short Blades
 * Level 2.8 Polearms
 - Level 3.0 Armour
 * Level 3.7 Shields


You had 3 spell levels left.
You didn't know any spells.
Your spell library was empty.

Dungeon Overview and Level Annotations

Branches:
Dungeon (2/15)

Altars:
Okawaru

Annotations:
D:2 Natasha


Innate Abilities, Weirdness & Mutations

(You are partially covered in rugged brown scales. (AC +1, +3% HP))


Message History

You feel sick. Natasha claws you.
* * * LOW HITPOINT WARNING * * *
It was a potion of lignification.
You turn into a tree.
Your +0 scale mail melds into your body.
Your roots penetrate the ground.
* * * LOW HITPOINT WARNING * * *
You feel sick. Natasha claws you but does no damage.
It was a potion of brilliance.
You feel clever all of a sudden.
* * * LOW HITPOINT WARNING * * *
You feel sick. Natasha claws you but does no damage.
You feel very mighty all of a sudden.
* * * LOW HITPOINT WARNING * * *
You feel sick. Natasha claws you but does no damage.
You barely miss Natasha.
* * * LOW HITPOINT WARNING * * *
You feel sick.
Natasha stares at you and mumbles some strange words.
The magic dart hits you.
You die...

.. .. #. #.# .. #.
#.## #.♣# ##h###
#######g5.###
............##
.........#...##
........###...##
.....?.........#
......#.).).#..#
.....##.._..##.###
#.


You could see Natasha, a shadow imp and a hobgoblin.

Vanquished Creatures
  A scorpion (D:2)
  Natasha (D:2)
  An adder (D:2)
  A gnoll (D:1)
  A worm (D:2)
  2 dart slugs (D:1)
  3 goblins
  2 hobgoblins
  A jackal (D:2)
  10 kobolds
  8 bats (D:1)
  A frilled lizard (D:2)
  7 rats
39 creatures vanquished.

Notes
Turn   | Place    | Note
-------+----------+-------------------------------------------
     0 | D:1      | wullow the Demonspawn Fighter began the quest for the Orb.
     0 | D:1      | Reached XP level 1. HP: 18/18 MP: 1/1
   158 | D:1      | Gained mutation: You are partially covered in rugged brown
                  | scales. (AC +1, +3% HP) [demonic ancestry]
   158 | D:1      | Reached XP level 2. HP: 18/24 MP: 2/2
   488 | D:1      | Reached XP level 3. HP: 10/29 MP: 3/3
  1188 | D:2      | Noticed Natasha
  1217 | D:2      | Killed Natasha
  1217 | D:2      | Reached XP level 4. HP: 3/36 MP: 4/4
  1541 | D:2      | Reached skill level 1 in Short Blades
  1638 | D:2      | Found an iron altar of Okawaru.
  1649 | D:2      | Became a worshipper of Warmaster Okawaru
  1658 | D:2      | Noticed Natasha
  1676 | D:2      | HP: 2/54 [poisoned by a scorpion]
  1677 | D:2      | Killed from afar by Natasha

Levels and vault maps discovered:
D:1:      dpeg_arrival_arbitrary_a, layout_basic, lexackson_kobold_supper
D:2:      layout_basic, serial_forest, infiniplex_forest_end_double,
          infiniplex_forest_straight_3, infiniplex_forest_clump_tiny,
          infiniplex_forest_lined_room_2, infiniplex_forest_lined_room_,
          minmay_misc_feat_hallway, st_stairs_9, okawaru_ov_weapons_minmay,
          uniq_natasha

Skill      XL: |  1  2  3  4 |
---------------+-------------+-----
Polearms       | 2 |  2.8
Shields        | 3 |  3.7
Armour         | 3 |  3.0
Short Blades   | 1 |  1.0
Fighting       | |  3.5

Action                   |  1- 3 |  4- 6 || total
-------------------------+-------+-------++-------
Melee: Trident           |    72 |    21 ||    93
       Dagger            |    21 |    12 ||    33
  Use: Potion            |     1 |     3 ||     4
  Eat: Chunk             |       |     2 ||     2
Armor: Scale mail        |    36 |    11 ||    47
       Skin              |       |     3 ||     3
Dodge: Dodged            |    29 |     5 ||    34
Block: Kite shield       |    38 |    15 ||    53

Table legend:
 A = Non-vault XP
 B = Vault XP
 C = Vault XP percentage of total XP
 D = Non-vault monster count
 E = Vault monster count
 F = Vault count percentage of total count
                 A         B        C        D         E       F
            +---------+---------+-------+---------+---------+-------
      Total |     143 |      47 |  24.7 |      31 |       8 |  20.5
            +---------+---------+-------+---------+---------+-------
        D:1 |      52 |       7 |  11.9 |      24 |       5 |  17.2
        D:2 |      91 |      40 |  30.5 |       7 |       3 |  30.0
            +---------+---------+-------+---------+---------+-------
